 Dungeon Crawl Stone Soup version 0.16.2-12-gd0ad4c3 (webtiles) character file.

3087 faibistes the Thaumaturge (level 9, 0/46 HPs)
             Began as a Deep Elf Wizard on May 11, 2018.
             Was an Elder of Sif Muna.
             Killed from afar by Pikel (9 damage)
             ... with a wand of magic darts
             ... on level 7 of the Dungeon on May 12, 2018.
             The game lasted 00:29:39 (10237 turns).

faibistes the Thaumaturge (Deep Elf Wizard)        Turns: 10237, Time: 00:29:39

Health: 0/46       AC:  4    Str:  4    XL:     9   Next: 59%
Magic:  17/39      EV: 16    Int: 27    God:    Sif Muna [****..]
Gold:   381        SH:  0    Dex: 16    Spells: 7 memorised, 13 levels left

rFire  . . .     SeeInvis .     w - +1 dagger (venom)
rCold  . . .     Clarity  .     a - +0 robe
rNeg   . . .     SustAb   .     (no shield)
rPois  .         Gourm    .     b - +0 hat
rElec  .         Spirit   .     q - +0 cloak
rCorr  .         Warding  .     M - +0 pair of gloves
rMut   .         Stasis   .     (no boots)
MR     .....                    (no amulet)
Stlth  ++........               f - +3 ring of dexterity
                                e - ring of magical power

@: very slightly contaminated, repel missiles, not resistant to hostile
enchantments, unstealthy
A: wild magic 1
a: Channel Energy, Forget Spell, Renounce Religion


You were on level 7 of the Dungeon.
You worshipped Sif Muna.
Sif Muna was greatly pleased with you.
You were not hungry.

You visited 2 branches of the dungeon, and saw 9 of its levels.

You collected 381 gold pieces.

Inventory:

Hand weapons
 j - a +0 club
 m - a cursed +0 dagger
 n - a +2 short sword of distortion
 p - a +4 dagger of protection
 w - a +1 dagger of venom (weapon)
Armour
 a - a +0 robe (worn)
 b - a +0 hat (worn)
 q - a +0 cloak (worn)
 M - a +0 pair of gloves (worn)
Magical staves
 E - an uncursed staff of earth
 H - an uncursed staff of poison
Jewellery
 e - a ring of magical power (left hand)
 f - a +3 ring of dexterity (right hand)
 r - an uncursed ring of protection from cold
 u - an uncursed ring of ice
Magical devices
 t - a wand of teleportation (6)
 C - a wand of polymorph (8)
 G - a wand of hasting (3)
 I - a wand of enslavement (17)
Scrolls
 g - a scroll of magic mapping {unknown}
 i - a scroll of fear
 k - a scroll of blinking {unknown}
 l - a scroll of teleportation
 o - a scroll of amnesia
 s - 3 scrolls of remove curse
 v - a scroll of immolation {unknown}
 y - 2 scrolls of recharging
 B - a scroll of enchant armour {unknown}
 D - a scroll of holy word {unknown}
 J - a scroll of enchant weapon {unknown}
 L - a scroll of torment {unknown}
Potions
 x - 3 potions of brilliance
 z - a potion of curing
 F - a potion of haste
 N - a potion of cancellation
 P - a potion of restore abilities
Books
 c - a book of Minor Magic

   Spells                             Type                      Level
   a - Magic Dart                     Conjuration                  1
   b - Blink                          Translocation                2
   c - Call Imp                       Summoning                    2
   d - Repel Missiles                 Charms/Air                   2
   e - Slow                           Hexes                        2
   f - Conjure Flame                  Conjuration/Fire             3
   g - Mephitic Cloud                 Conjuration/Poison/Air       3
 A - a book of Battle

   Spells                             Type                      Level
   a - Infusion                       Charms                       1
   b - Shroud of Golubria             Charms/Translocation         2
   c - Song of Slaying                Charms                       2
   d - Spectral Weapon                Hexes/Charms                 3
   e - Regeneration                   Charms/Necromancy            3
Comestibles
 d - 4 bread rations
 h - 2 beef jerkies
 K - 7 fruits
 O - 2 chunks of flesh


   Skills:
 + Level 0.4 Fighting
 + Level 6.1 Dodging
 - Level 2.4 Stealth
 * Level 10.0 Spellcasting
 + Level 6.8 Conjurations
 + Level 1.1 Charms
 - Level 4.1 Summonings
 + Level 3.4 Translocations
 * Level 3.8 Fire Magic
 - Level 4.1 Air Magic
 - Level 3.1 Poison Magic
 * Level 1.0 Invocations
 + Level 0.2 Evocations


You had 13 spell levels left.
You knew the following spells:

 Your Spells              Type           Power        Failure   Level  Hunger
a - Magic Dart            Conj           ####         2%          1    None
b - Conjure Flame         Conj/Fire      ######..     4%          3    None
c - Call Imp              Summ           ######..     4%          2    None
d - Blink                 Tloc           N/A          5%          2    None
e - Mephitic Cloud        Conj/Pois/Air  ######..     5%          3    None
f - Repel Missiles        Chrm/Air       #####.       5%          2    None
g - Shroud of Golubria    Chrm/Tloc      #####.....   7%          2    None


Dungeon Overview and Level Annotations

Branches:
Dungeon (8/15)             Temple (1/1) D:4
   Lair: D:8-11

Altars:
Ashenzari
Cheibriados
Dithmenos
Elyvilon
Fedhas
Gozag
Kikubaaqudgha
Makhleb
Nemelex Xobeh
Okawaru
Qazlal
Ru
Sif Muna
Trog
Vehumet
Xom
Yredelemnul
Zin
The Shining One

Shops:
D:5 }

Annotations:
D:7 Pikel


Innate Abilities, Weirdness & Mutations

Your spells are a little harder to cast, but a little more powerful.


Message History

Pikel is almost dead.
Casting: Magic Dart
Confirm with . or Enter, or press ? or * to list all spells.
Aiming: Magic Dart
Press: ? - help, Shift-Dir - straight line, f/p - Pikel
Aim: Pikel, wielding a whip of electrocution, wearing a glowing robe and carrying a wand of magic darts {zapped: 15} (almost dead, bewildered and confused)
You miscast Magic Dart.
You are very lightly contaminated with residual magic.
You smell something strange.
Pikel wonders, "What am I doing in here?"
Pikel zaps a wand.
Casting: Magic Dart
Confirm with . or Enter, or press ? or * to list all spells.
Aiming: Magic Dart
Press: ? - help, Shift-Dir - straight line, f/p - Pikel
Aim: Pikel, wielding a whip of electrocution, wearing a glowing robe and carrying a wand of magic darts {zapped: 16} (almost dead, bewildered and confused)
The magic dart hits Pikel.
Pikel is almost dead.
Pikel zaps a wand.
The magic dart hits you!
You die...

#...# #.# #...# #. ##...####.#
#...# #. .......##.####### #...#
#. ................# #...# #.
....>..##.......# ##.###### ##
##...####.......#####.......#####
##...# #..........##..#.........
....## #........#.##.....#.####.
##### #....)..@.........#.####.
#.......##.##.....#......
##.#.##K##§##........###.
#.#.##.##§###.#####.###.
#[......K.# #.# #.#...
######.###...... #.#.## #.......#
..... #.#.## #.####..# ... .
#).... ###..# .... ####.#


You could see Pikel (confused).

Vanquished Creatures
  Prince Ribbit (D:4)
  The ghost of faibistes the Magician, an average DEWz (D:5)
  4 yaks (D:6)
  Edmund (D:4)
  2 slaves (D:7)
  3 sky beasts
  3 ogres
  2 phantoms
  2 centaurs
  Blork the orc (D:4)
  5 giant frogs
  2 scorpions
  2 goliath beetles (D:6)
  A hound (D:4)
  Crazy Yiuf (D:6)
  A centaur skeleton (D:5)
  2 quasits
  2 orc wizards (D:6)
  9 worker ants
  Ijyb (D:3)
  A mummy (D:7)
  A worker ant zombie (D:7)
  3 gnolls (D:8)
  A shadow imp (D:6)
  5 adders
  A worm (D:3)
  An adder skeleton (D:5)
  An adder zombie (D:7)
  18 orcs
  15 bats
  3 bat skeletons
  A bat zombie (D:6)
  6 giant cockroaches
  15 hobgoblins
  6 jackals
  16 kobolds
  An ooze (D:3)
  A quokka (D:5)
  A ball python (D:1)
  7 giant geckos
  3 giant newts
  15 goblins
  A quokka zombie (D:5)
  7 rats
176 creatures vanquished.

Vanquished Creatures (others)
  A crimson imp (D:6)
1 creature vanquished.

Grand Total: 177 creatures vanquished

Notes
Turn   | Place    | Note
--------------------------------------------------------------
     0 | D:1      | faibistes, the Deep Elf Wizard, began the quest for the Orb.
     0 | D:1      | Reached XP level 1. HP: 10/10 MP: 6/6
   424 | D:1      | Reached XP level 2. HP: 15/15 MP: 9/9
   447 | D:1      | Learned a level 2 spell: Blink
   450 | D:1      | Learned a level 2 spell: Call Imp
  1622 | D:2      | Reached XP level 3. HP: 19/19 MP: 13/13
  1627 | D:2      | Learned a level 3 spell: Conjure Flame
  1631 | D:2      | Learned a level 3 spell: Mephitic Cloud
  2168 | D:3      | Found a shadowy altar of Dithmenos.
  2273 | D:3      | Reached skill level 5 in Spellcasting
  2295 | D:3      | Noticed Ijyb
  2401 | D:4      | Reached XP level 4. HP: 2/24 MP: 0/17
  2401 | D:4      | HP: 1/24 [poisoned by a worker ant]
  2715 | D:4      | Learned a level 2 spell: Repel Missiles
  2813 | D:3      | Killed Ijyb
  3513 | D:4      | Noticed Prince Ribbit
  3528 | D:4      | Killed Prince Ribbit
  3528 | D:4      | Reached skill level 6 in Spellcasting
  3528 | D:4      | Reached XP level 5. HP: 28/28 MP: 16/21
  3528 | D:4      | Reached XP level 6. HP: 32/32 MP: 16/22
  3719 | D:4      | Found a staircase to the Ecumenical Temple.
  3725 | Temple   | Entered the Ecumenical Temple
  3799 | Temple   | Became a worshipper of Sif Muna the Loreminder
  3975 | D:5      | Entered Level 5 of the Dungeon
  4026 | D:4      | Noticed Blork the orc
  4042 | D:4      | Killed Blork the orc
  4153 | D:4      | Reached skill level 7 in Spellcasting
  4254 | D:4      | Noticed Edmund
  4279 | D:4      | Noticed a phantom
  4557 | D:4      | Learned a level 2 spell: Shroud of Golubria
  4624 | D:4      | Killed a phantom
  4693 | D:4      | Killed Edmund
  4693 | D:4      | Reached XP level 7. HP: 16/36 MP: 24/25
  5057 | D:5      | Noticed faibistes' ghost (average DEWz)
  5069 | D:5      | Killed faibistes' ghost
  5069 | D:5      | Acquired Sif Muna's first power
  5069 | D:5      | Reached skill level 5 in Dodging
  5069 | D:5      | Reached skill level 8 in Spellcasting
  5069 | D:5      | Reached skill level 1 in Fire Magic
  5069 | D:5      | Reached skill level 1 in Air Magic
  5069 | D:5      | Reached skill level 1 in Poison Magic
  5279 | D:6      | Reached XP level 8. HP: 39/41 MP: 12/27
  5380 | D:6      | Reached skill level 5 in Conjurations
  5836 | D:5      | Found Ycimiq's Gadget Boutique.
  5933 | D:7      | Acquired Sif Muna's second power
  7818 | D:7      | Reached skill level 9 in Spellcasting
  8253 | D:6      | Found a sacrificial altar of Ru.
  8253 | D:6      | Found a glowing golden altar of the Shining One.
  8255 | D:6      | Found a basalt altar of Yredelemnul.
  8255 | D:6      | Found an ancient bone altar of Kikubaaqudgha.
  8266 | D:6      | Found an iron altar of Okawaru.
  8318 | D:6      | Noticed Crazy Yiuf
  8328 | D:6      | Killed Crazy Yiuf
  8445 | D:6      | Noticed a yak
  8445 | D:6      | Noticed a yak
  8446 | D:6      | Noticed a yak
  8446 | D:6      | Noticed a yak
  8469 | D:6      | Killed a yak
  8471 | D:6      | Killed a yak
  8471 | D:6      | Reached XP level 9. HP: 28/45 MP: 29/29
  8474 | D:6      | Killed a yak
  8476 | D:6      | Killed a yak
  9123 | D:7      | Found a burning altar of Makhleb.
  9270 | D:7      | Found a blossoming altar of Fedhas.
  9454 | D:8      | Reached skill level 10 in Spellcasting
  9849 | D:8      | Acquired Sif Muna's third power
  9874 | D:8      | Reached skill level 1 in Invocations
 10038 | D:7      | Reached skill level 1 in Charms
 10095 | D:7      | Gained mutation: Your spells are a little harder to cast, but a little more powerful. [potion of beneficial mutation]
 10209 | D:7      | Noticed Pikel
 10230 | D:7      | HP: 2/46 [Pikel/wand of magic darts (4)]
 10237 | D:7      | Killed from afar by Pikel

Action                   |  1- 3 |  4- 6 |  7- 9 || total
-------------------------+-------+-------+-------++-------
Melee: Dagger            |     6 |    30 |    57 ||    93
 Cast: Magic Dart        |    94 |    87 |   296 ||   477
       Blink             |     6 |     3 |     7 ||    16
       Mephitic Cloud    |     3 |     6 |    13 ||    22
       Conjure Flame     |     2 |     7 |    45 ||    54
       Repel Missiles    |       |     1 |     1 ||     2
       Shroud of Golubri |       |       |     2 ||     2
       Call Imp          |       |       |     1 ||     1
  Use: Potion            |     3 |       |     3 ||     6
       Scroll            |       |     1 |     9 ||    10
 Stab: Confused          |       |       |     2 ||     2
       Sleeping          |       |       |     5 ||     5
  Eat: Chunk             |     4 |     7 |    17 ||    28
